AoeStats
← kooks

Arena

510834599Analyzed
1v1 RM · 17h ago on Oct 2, 2026· 48m 49s· 2 players
Game mode
Random Map
Map size
Tiny (2 player)
Population
200
Speed
Normal
Resources
Standard
Victory
Conquest
Starting age
Dark Age
Ending age
Imperial Age
RankedLock teamsTeams togetherTeam positionsShared explorationLock speedFull tech treeHidden civsTurbo modeCheats
Victory
Defeat
🇬🇧 Lithuanians · United Kingdom
759
+16
🇹🇷 Spanish · Türkiye
761
-16
Corkman12
10:59 Feudal Age
12:31 Double-Bit Axe
15:38 Castle Age
15:09 Horse Collar
19:23 Wheelbarrow
18:34 Town Watch
18:44 Gold Mining
21:20 Fervor
21:18 Husbandry
24:02 Hand Cart
24:36 Loom
26:03 Bow Saw
26:39 Stone Mining
28:46 Bloodlines
31:48 Imperial Age
29:32 Forging
29:28 Scale Barding Armor
29:16 Fletching
32:26 Iron Casting
32:12 Chain Barding Armor
31:49 Bodkin Arrow
31:54 Padded Archer Armor
32:20 Ballistics
31:54 Cavalier
33:58 Conscription
34:25 Elite Skirmisher
35:12 Thumb Ring
38:01 Bracer
38:16 Leather Archer Armor
37:47 Treadmill Crane
45:18 Chemistry
44:14 Murder Holes
44:31 Fortified Wall
44:32 Masonry
43:54 Paladin
46:38 Tower Shields
kooks
5:18 Loom
10:16 Feudal Age
17:00 Castle Age
15:36 Double-Bit Axe
15:37 Horse Collar
31:59 Imperial Age
30:05 Wheelbarrow
29:16 Town Watch
29:39 Scale Barding Armor
29:35 Padded Archer Armor
29:51 Pikeman
31:25 Bow Saw
31:51 Heavy Plow
33:05 Conscription
33:07 Chain Barding Armor
32:38 Fletching
33:03 Leather Archer Armor
33:44 Bloodlines
33:35 Husbandry
34:08 Forging
35:06 Chemistry
33:49 Halberdier
34:29 Squires
33:57 Cavalier
35:00 Ballistics
36:13 Bodkin Arrow
36:53 Plate Barding Armor
36:49 Ring Archer Armor
37:36 Elite Conquistador
39:59 Thumb Ring
42:45 Two-Man Saw
43:30 Paladin
45:10 Iron Casting
46:13 Elite Skirmisher
Connection lost

Rejoining the realm…

Still unreachable

The connection could not be restored.

Session expired

The server has moved on; the page needs a fresh start.